 Dungeon Crawl Stone Soup version 0.19-a0-75-g99403da (webtiles) character file.

170 Duffy the Chopper (level 5, 30/41 HPs)
             Began as a Demonspawn Fighter on May 11, 2016.
             Quit the game on level 4 of the Dungeon.
             The game lasted 00:02:45 (2680 turns).

Duffy the Chopper (Demonspawn Fighter)              Turns: 2680, Time: 00:02:45

Health: 30/41      AC:  9    Str: 17    XL:     5   Next: 26%
Magic:  5/5        EV:  5    Int:  9    God:
Gold:   95         SH:  8    Dex: 13    Spells: 0 memorised, 4 levels left

rFire  . . .     SeeInvis .     a - +0 war axe
rCold  . . .     Gourm    .     b - +0 scale mail
rNeg   . . .     Faith    .     c - +0 shield
rPois  .         Spirit   .     (no helmet)
rElec  .         Dismiss  .     (no cloak)
rCorr  .         Reflect  .     (no gloves)
SustAt .         Harm     .     (no boots)
MR     .....                    (no amulet)
Stlth  ..........               (no ring)
                                p - ring of loudness (curse)

@: not resistant to hostile enchantments, extremely unstealthy
A: molten scales 2, demonic guardian 1
a: no special abilities


You were on level 4 of the Dungeon.
You were not hungry.

You visited 1 branch of the dungeon, and saw 4 of its levels.

You collected 95 gold pieces.


Innate Abilities, Weirdness & Mutations

You are mostly covered in molten scales (AC +3, EV -1).
A weak demonic guardian rushes to your aid.


   Skills:
 - Level 3.0 Fighting
 + Level 5.0 Axes
 - Level 2.6 Armour
 - Level 2.6 Shields


You had 4 spell levels left.
You didn't know any spells.

Inventory:

Hand Weapons
 a - a +0 war axe (weapon)
Missiles
 j - 49 poisoned needles
Armour
 b - a +0 scale mail (worn)
 c - a +0 shield (worn)
Jewellery
 n - an uncursed ring of ice
 p - a cursed ring of loudness (left hand)
Wands
 x - a wand of slowing (22/48)
Scrolls
 e - 2 scrolls of enchant armour {unknown}
 l - 5 scrolls of remove curse {unknown}
 r - a scroll of blinking {unknown}
 s - a scroll of fear {unknown}
 t - a scroll of fog {unknown}
 y - a scroll of recharging {unknown}
Potions
 d - a potion of might
 g - a potion of cure mutation
 k - 2 potions of brilliance
 m - a potion of flight
 o - 3 potions of heal wounds
 u - a potion of haste
 v - a potion of magic {unknown}
Comestibles
 f - 2 bread rations
 h - a slice of pizza
 q - a meat ration
 z - a beef jerky

Dungeon Overview and Level Annotations

Branches:
Dungeon (4/15)
 Temple: D:4-7

Altars:
Xom


Message History

The orc warrior is moderately wounded.
The orc warrior hits you but does no damage.
You hit the orc warrior.
The orc warrior is moderately wounded.
You block the orc warrior's attack.
You hit the orc warrior but do no damage.
The orc warrior is moderately wounded.
You block the orc warrior's attack. x2
You hit the orc warrior but do no damage.
The orc warrior is moderately wounded.
You block the orc warrior's attack.
You closely miss the orc warrior.
The orc warrior is moderately wounded.
The orc warrior hits you but does no damage.
You hit the orc warrior but do no damage.
The orc warrior is moderately wounded.
The orc warrior hits you but does no damage.
The orc warrior hits you with a short sword.
You hit the orc warrior.
The orc warrior is heavily wounded.
You block the orc warrior's attack.
You hit the orc warrior.
The orc warrior is severely wounded.
Your transformation is almost over.
You block the orc warrior's attack.
You closely miss the orc warrior.
The orc warrior is severely wounded.
You block the orc warrior's attack.
The orc warrior hits you but does no damage.
Your shield prevents you from hitting the orc warrior.
The orc warrior is severely wounded.
The orc warrior hits you with a short sword.
You slash the orc warrior!
You kill the orc warrior!
Your Axes skill increases to level 5!
You have reached level 5!
Your demonic ancestry asserts itself...
You feel the presence of a demonic guardian.
You barely miss the orc. The orc hits you but does no damage. x2
Your shield prevents you from hitting the orc.
You block the orc's attack.
Your shield prevents you from hitting the orc.
You feel less woody.
Your +0 scale mail unmelds from your body.
You block the orc's attack.
Are you sure you want to abandon this character and quit the game? (Confirm with "yes".)
Okay, then.
Are you sure you want to abandon this character and quit the game? (Confirm with "yes".)
Okay, then.
Are you sure you want to abandon this character and quit the game? (Confirm with "yes".)

#.# #.# #.# #.##
## #..## #+# #.#
#...## ##.## #..#
#....###.#.# #...#
#.....##.#.##o...#
#......#.#@#.....#
#.......#[#o.....#
#.........########
###########


You could see an orc.

Action                   |  1- 3 |  4- 6 || total
-------------------------+-------+-------++-------
Melee: War axe           |   177 |    20 ||   197
  Use: Scroll            |     8 |       ||     8
       Potion            |       |     1 ||     1
  Eat: Chunk             |     5 |     1 ||     6
Armor: Scale mail        |   108 |       ||   108
       Skin              |       |    10 ||    10
Dodge: Dodged            |    54 |       ||    54
Block: Shield            |    80 |    13 ||    93

Notes
Turn   | Place    | Note
--------------------------------------------------------------
     0 | D:1      | Duffy the Demonspawn Fighter began the quest for the Orb.
     0 | D:1      | Reached XP level 1. HP: 18/18 MP: 1/1
   125 | D:1      | Reached skill level 2 in Axes
   427 | D:1      | Gained mutation: You are partially covered in molten scales (AC +1). [demonic ancestry]
   427 | D:1      | Reached XP level 2. HP: 23/24 MP: 2/2
  1037 | D:2      | Reached skill level 3 in Axes
  1129 | D:2      | Reached XP level 3. HP: 29/29 MP: 3/3
  1900 | D:3      | Found a shimmering altar of Xom.
  2527 | D:4      | Reached skill level 4 in Axes
  2527 | D:4      | Gained mutation: You are mostly covered in molten scales (AC +3, EV -1). [demonic ancestry]
  2527 | D:4      | Reached XP level 4. HP: 28/35 MP: 4/4
  2656 | D:4      | Noticed an orc warrior
  2676 | D:4      | Killed an orc warrior
  2676 | D:4      | Reached skill level 5 in Axes
  2676 | D:4      | Gained mutation: A weak demonic guardian rushes to your aid. [demonic ancestry]
  2676 | D:4      | Reached XP level 5. HP: 41/41 MP: 5/5
  2680 | D:4      | Quit the game

Skill      XL: |  1  2  3  4 |
---------------+-------------+-----
Axes           | 2 3 4 5 |  5.0
Fighting       | |  3.0
Armour         | |  2.6
Shields        | |  2.6

Vault maps used:
D:1:      minmay_arrival_plants_in_alcoves, minmay_misc_feat_nine_boxes
D:2:      first_bread, roderic_serpentine_path
D:3:      xom_teletrap_fun
D:4:      nicolae_overflow_crystal_walls, serial_shops, shop, wad_orctagon

Vanquished Creatures
  An orc warrior
  3 adders
  2 dart slugs
  An orc
  6 giant cockroaches
  7 hobgoblins
  A quokka
  3 ball pythons
  4 bats
  4 giant newts
  6 goblins
  3 kobolds
  2 rats
43 creatures vanquished.
